 Dungeon Crawl Stone Soup version 0.26-a0-707-g31817bcca1 (webtiles) character file.

Game seed: 4671539372431371472

13050 lunkers the Frost Mage (level 12, -4/80 (81) HPs)
             Began as an Octopode Ice Elementalist on Oct 26, 2020.
             Was a Priest of Vehumet.
             Slain by an orc knight
             ... wielding a +4 halberd
              (30 damage)
             ... on level 11 of the Dungeon.
             The game lasted 00:23:23 (14933 turns).

lunkers the Frost Mage (Octopode Ice Elementalist) Turns: 14933, Time: 00:23:23

HP:   -4/80 (81)    AC:  1    Str:  9    XL:     12   Next: 1%
MP:   25/25         EV: 17    Int: 22    God:    Vehumet [***...]
Gold: 783           SH:  6    Dex: 25    Spells: 18/29 levels left

rFire    x . .     SeeInvis .   a - +8 rapier "Iskei" {vorpal, Str+2 Dex+6}
rCold    + . .     Faith    .   E - +0 buckler
rNeg     . . .     Spirit   .   (helmet restricted)
rPois    .         Reflect  .   k - amulet of magic regeneration
rElec    .         Harm     .   l - ring of ice
rCorr    .         Rampage  .   t - ring of wizardry
MR       +....                  z - +6 ring of dexterity
Stlth    ++++......             x - ring of protection from magic
HPRegen  0.23/turn              A - +4 ring of evasion
MPRegen  0.44/turn              (no ring)
                                (no ring)
                                (no ring)

@: frozen ramparts, lightly drained
A: almost no armour, stealthy swim, amphibious, 8 rings, constrict 8, camouflage
1, gelatinous body 1
a: Renounce Religion


You were on level 11 of the Dungeon.
You worshipped Vehumet.
Vehumet was most pleased with you.
You visited 2 branches of the dungeon, and saw 12 of its levels.
You also visited: Sewer.

You collected 783 gold pieces.

Inventory:

Hand Weapons
 a - the +8 rapier "Iskei" (weapon) {vorpal, Str+2 Dex+6}
   (You found it on level 10 of the Dungeon)

   It inflicts extra damage upon your enemies.
   It affects your strength (+2).
   It affects your dexterity (+6).
 p - a +1 short sword of electrocution
Armour
 E - a +0 buckler (worn)
Magical Staves
 F - an uncursed staff of earth
Jewellery
 k - an amulet of magic regeneration (around mantle)
 l - a ring of ice (left tentacle)
 q - an uncursed ring of ice
 t - a ring of wizardry (right tentacle)
 x - a ring of protection from magic (on tentacle)
 z - a +6 ring of dexterity (on tentacle)
 A - a +4 ring of evasion (on tentacle)
 N - a cursed amulet of inaccuracy {unknown}
Wands
 u - a wand of polymorph (13)
 B - a wand of disintegration (3)
 D - a wand of random effects (38)
 G - a wand of acid (3)
 M - a wand of paralysis (4)
Scrolls
 h - 4 scrolls of teleportation
 i - 6 scrolls of remove curse
 o - 2 scrolls of amnesia
 s - a scroll of immolation
 w - 3 scrolls of fog {unknown}
 y - a scroll of enchant weapon {unknown}
 H - 3 scrolls of identify
 J - a scroll of noise {unknown}
Potions
 b - a potion of mutation
 c - 3 potions of invisibility
 d - 7 potions of magic
 e - 2 potions of resistance
 f - 2 potions of stabbing {unknown}
 g - 7 potions of curing
 j - 3 potions of berserk rage {unknown}
 m - a potion of ambrosia {unknown}
 n - a potion of degeneration {unknown}
 r - 2 potions of cancellation {unknown}
 v - 2 potions of haste {unknown}
 C - 7 potions of heal wounds {unknown}
 I - a potion of lignification {unknown}
 K - 2 potions of might {unknown}
 L - 2 potions of flight {unknown}


   Skills:
 + Level 7.5(6.9) Fighting
 - Level 2.0(1.4) Dodging
 - Level 2.6(2.1) Stealth
 - Level 4.0(3.4) Shields
 + Level 9.2(8.5) Spellcasting
 * Level 13.8(13.1) Ice Magic


You had 18 spell levels left.
You knew the following spells:

 Your Spells              Type           Power        Failure   Level
a - Freeze                Ice            ####         1%          1
b - Frozen Ramparts       Ice            ######       1%          3
c - Ozocubu's Armour      Ice            #######.     1%          3
d - Summon Ice Beast      Ice/Summ       ######..     1%          4

Your spell library contained the following spells:

 Spells                   Type           Power        Failure   Level
 Mephitic Cloud           Conj/Pois/Air  #.......     2%          3
 Magic Dart               Conj           #...         1%          1
 Searing Ray              Conj           #.....       1%          2
 Hailstorm                Conj/Ice       ######..     1%          4
 Dazzling Flash           Conj/Hex       #.....       2%          3
 Inner Flame              Hex/Fire       #.......     2%          3
 Animate Skeleton         Necr           #.....       3%          1
 Corona                   Hex            #......      3%          1
 Pain                     Necr           #...         3%          1
 Slow                     Hex            #.......     4%          2
 Portal Projectile        Hex/Tloc       #.....       9%          3
 Vampiric Draining        Necr           #.........   9%          3
 Fulminant Prism          Conj/Hex       #.........   9%          4
 Iskenderun's Mystic Bla  Conj/Tloc      #.......     9%          4
 Animate Dead             Necr           #.........   28%         4
 Cause Fear               Hex            #.........   28%         4
 Leda's Liquefaction      Hex/Erth       #.........   28%         4
 Agony                    Necr           #.......     61%         5


Dungeon Overview and Level Annotations

Branches:
Dungeon (11/15)            Temple (1/1) D:7            Lair (0/6) D:9
    Orc (0/2) D:9           Sewer (visited)

Altars:
Ashenzari
Cheibriados
Dithmenos
Elyvilon
Fedhas
Gozag
Hepliaklqana
Kikubaaqudgha
Makhleb
Nemelex Xobeh
Okawaru
Qazlal
Ru
Sif Muna
Trog
Uskayaw
Vehumet
Wu Jian
Xom
Yredelemnul
Zin
The Shining One

Shops:
D:4 ((?   D:7 *


Innate Abilities, Weirdness & Mutations

You cannot wear most types of armour.
You are very stealthy in the water. (Stealth+)
You are amphibious.
You can wear up to eight rings at the same time.
You can use your tentacles to constrict eight enemies at once.
Your skin changes colour to match your surroundings (Stealth+).
Your rubbery body absorbs attacks. (AC +1, EV +1)


Message History

The wyvern zombie resists.
The wall freezes the wyvern zombie.
You hit the wyvern zombie.
You squeeze the wyvern zombie, but do no damage.
The wyvern zombie is almost destroyed.
The wyvern zombie resists.
The wall freezes the wyvern zombie.
The wyvern zombie bites you!
* * * LOW HITPOINT WARNING * * *
An orc knight comes into view. It is wielding a +4 halberd.
The wyvern zombie resists.
The wall freezes the wyvern zombie.
The wyvern zombie misses you.
The orc knight shouts!
You puncture the wyvern zombie!
You destroy the wyvern zombie!
Vehumet accepts your kill.
The wall freezes the orc knight.
The orc knight misses you.
Things that are here:
a +2 short sword of protection; a +0 robe; a scroll of identify The wall freezes the orc knight!
The orc knight hits you from afar with a +4 halberd!!
You die...

#...## ###).)####.###.## ##..##
###...##.# #.# .#..##
###....###.## ....## ####
###........ ....## ## ..#
###)..... ##..## ###.##.#
###.... ##### ##..#.#.## ###..
..### ....###.## ### ##..##
.....o.@## ### ..##.#
....###)## #### ####.######.
#.#)## ###..
##..###..####.##.## ###...#
...####)...####..## ###[..###
.##.###.#..#(####.# ###.....#
.##.###.#.##...##.# ###...#...#
....###.#..###..)####...†.#####
....###.##.#...####.).....<#


You could see an orc knight.

Vanquished Creatures
  A two-headed ogre (D:11)
  A centaur warrior (D:11)
  An unseen horror (D:11)
  A deep elf mage (D:11)
  Joseph (D:8)
  Maggie (D:7)
  Sigmund (D:3)
  2 wyverns
  6 yaks
  A soldier ant (D:11)
  Duvessa (D:7)
  A water moccasin (Sewer)
  2 black bears
  3 sky beasts
  5 ice beasts
  2 phantoms (D:11)
  7 orc warriors
  5 ogres
  2 necrophages
  5 centaurs
  4 big kobolds
  12 bullfrogs
  A wyvern zombie (D:11)
  2 scorpions
  Dowan (D:7)
  A wight (D:11)
  5 killer bees (D:8)
  4 howler monkeys
  2 centaur zombies
  A quasit (D:10)
  2 centaur skeletons
  3 jellies
  2 bullfrog zombies
  9 hounds
  6 orc priests
  9 orc wizards
  3 bullfrog skeletons
  Natasha (twice) (D:3)
  3 iguanas
  3 worker ants
  A hound skeleton (D:5)
  2 howler monkey zombies
  Robin (D:3)
  4 gnolls
  A howler monkey skeleton (D:4)
  19 adders
  A shadow imp (D:9)
  4 white imps
  2 ufetubi
  3 oozes
  2 adder skeletons (D:4)
  3 worms
  A dart slug (D:2)
  9 leopard geckos
  32 orcs
  9 bats
  7 giant cockroaches
  19 goblins
  7 hobgoblins
  14 jackals
  6 quokkas
  3 ball pythons
  3 frilled lizards
  22 kobolds
  A leopard gecko skeleton (D:8)
  A quokka skeleton (D:4)
  A quokka zombie (D:5)
  7 rats
309 creatures vanquished.

Vanquished Creatures (collateral kills)
  Harold (D:8)
  2 two-headed ogres (D:11)
  Pikel (D:8)
  A sky beast (D:8)
  An ogre (D:8)
  A jelly (D:8)
  An orc wizard (D:8)
  2 gnolls (D:8)
  A leopard gecko (D:8)
  2 kobolds (D:11)
13 creatures vanquished.

Vanquished Creatures (others)
  An adder (D:6)
  3 plants (D:6)
4 creatures vanquished.

Grand Total: 326 creatures vanquished

Notes
Turn   | Place    | Note
-------+----------+-------------------------------------------
     0 | D:1      | lunkers the Octopode Ice Elementalist began the quest for
                  | the Orb.
     0 | D:1      | Reached XP level 1. HP: 11/11 MP: 3/3
    28 | D:1      | Found a glowing golden altar of the Shining One.
   272 | D:1      | Reached XP level 2. HP: 17/17 MP: 3/5
  1076 | D:2      | Reached XP level 3. HP: 21/21 MP: 4/6
  1089 | D:2      | Learned a level 3 spell: Frozen Ramparts
  1501 | D:2      | Learned a level 3 spell: Ozocubu's Armour
  2362 | D:3      | Reached skill level 5 in Ice Magic
  2613 | D:3      | Reached XP level 4. HP: 27/27 MP: 6/8
  2705 | D:3      | Noticed Robin
  2715 | D:3      | Killed Robin
  2715 | D:3      | Reached XP level 5. HP: 24/31 MP: 4/9
  2906 | D:3      | Noticed Natasha
  2911 | D:3      | Killed Natasha
  3113 | D:3      | Noticed Sigmund
  3121 | D:3      | Killed Sigmund
  3121 | D:3      | Reached skill level 6 in Ice Magic
  3121 | D:3      | Reached XP level 6. HP: 30/36 MP: 6/11
  3159 | D:3      | Noticed Natasha
  3164 | D:3      | Killed Natasha
  3258 | D:3      | Found a blossoming altar of Fedhas.
  3778 | D:4      | Reached skill level 7 in Ice Magic
  3855 | D:4      | Reached XP level 7. HP: 17/41 MP: 9/13
  4153 | D:4      | Found Jenyrratist's Magic Scroll Shoppe.
  4218 | D:4      | Found Cafocim's Weapon Boutique.
  4895 | D:4      | Found Ipri's Weapon Boutique.
  4960 | D:5      | Entered Level 5 of the Dungeon
  4972 | D:5      | Found a glowing drain.
  4983 | D:5      | Reached skill level 8 in Ice Magic
  4991 | Sewer    | Entered a sewer
  5034 | Sewer    | Reached XP level 8. HP: 27/46 MP: 10/15
  5615 | D:5      | Reached skill level 5 in Spellcasting
  6229 | D:5      | Reached skill level 9 in Ice Magic
  6849 | D:6      | Found a broken altar of Ashenzari.
  7068 | D:6      | Learned a level 4 spell: Summon Ice Beast
  7182 | D:6      | Found a broken altar of Ashenzari.
  7486 | D:6      | Reached skill level 1 in Fighting
  7486 | D:6      | Reached skill level 10 in Ice Magic
  7486 | D:6      | Reached XP level 9. HP: 31/53 MP: 16/18
  8205 | D:7      | Found a glowing silver altar of Zin.
  8210 | D:7      | Noticed Maggie
  8223 | D:7      | Killed Maggie
  9009 | D:7      | Noticed Dowan
  9013 | D:7      | Noticed Duvessa
  9016 | D:7      | Killed Dowan
  9016 | D:7      | Reached skill level 11 in Ice Magic
  9023 | D:7      | Killed Duvessa
  9023 | D:7      | Reached skill level 1 in Shields
  9062 | D:7      | Found a staircase to the Ecumenical Temple.
  9150 | D:7      | Found Sakuvapit's General Store.
  9335 | Temple   | Entered the Ecumenical Temple
  9428 | Temple   | Became a worshipper of Vehumet
  9583 | D:8      | Found an iron altar of Okawaru.
  9584 | D:8      | Noticed Harold
  9781 | D:8      | HP: 2/56 [Harold/+0 war axe (18)]
  9785 | D:8      | Killed Harold
  9785 | D:8      | Reached XP level 10. HP: 3/63 MP: 7/20
 10120 | D:8      | Noticed Joseph
 10180 | D:8      | Noticed Pikel
 10195 | D:8      | Killed Pikel
 10365 | D:8      | Killed Joseph
 11002 | D:9      | Found a white marble altar of Elyvilon.
 11053 | D:9      | Reached * piety under Vehumet
 11053 | D:9      | Offered knowledge of Sandblast by Vehumet.
 11168 | D:9      | Reached skill level 5 in Fighting
 11168 | D:9      | Reached skill level 12 in Ice Magic
 11535 | D:9      | Found a staircase to the Orcish Mines.
 11897 | D:9      | Found a staircase to the Lair.
 12213 | D:10     | Entered Level 10 of the Dungeon
 12410 | D:10     | Offered knowledge of Foxfire by Vehumet.
 12511 | D:10     | Reached ** piety under Vehumet
 12569 | D:10     | Got a glimmering rapier
 12570 | D:10     | Identified the +8 rapier "Iskei" {vorpal, Str+2 Dex+6} (You
                  | found it on level 10 of the Dungeon)
 12628 | D:10     | Reached XP level 11. HP: 71/71 MP: 23/23
 13120 | D:11     | Noticed a two-headed ogre
 13130 | D:11     | Killed a two-headed ogre
 13130 | D:11     | Reached skill level 13 in Ice Magic
 13429 | D:11     | Noticed a two-headed ogre
 13510 | D:11     | Noticed a two-headed ogre
 13523 | D:11     | Offered knowledge of Mephitic Cloud by Vehumet.
 13525 | D:11     | Killed a two-headed ogre
 13770 | D:11     | Paralysed by an orc for 2 turns
 13807 | D:11     | Reached *** piety under Vehumet
 14105 | D:11     | Killed a two-headed ogre
 14399 | D:11     | Noticed a purple ugly thing
 14402 | D:11     | Noticed a centaur warrior
 14783 | D:11     | Killed a centaur warrior
 14916 | D:11     | Noticed a deep elf mage
 14925 | D:11     | Killed a deep elf mage
 14927 | D:11     | Killed an unseen horror
 14927 | D:11     | Reached XP level 12. HP: 59/80 MP: 25/25
 14933 | D:11     | Slain by an orc knight

Illustrated notes

Levels and vault maps discovered:
D:1:      dpeg_arrival_short_road, layout_basic, tso_metal_star
D:2:      layout_basic, wander_ebering_terrifying_dragon_lair
D:3:      layout_loops_corners, chequers_arboretum, minmay_misc_feat_roman,
          skrybe_limestone_x, minmay_crystal_room, fedhas_altar_4, uniq_sigmund,
          uniq_natasha, uniq_robin
D:4:      layout_loops_ring, serial_shops, kennysheep_little_box,
          kennysheep_mini, shop, minmay_misc_feat_alley
D:5:      layout_layer_cave, gup_sewer_entry_glass
D:6:      minmay_clustersquares, layout_loops_ring, serial_bayou,
          serial_bayou_pond_b, serial_bayou_pond_a, serial_bayou_pond_d,
          serial_bayou_pond_a, serial_bayou_pond_e, serial_bayou_lagoon_a,
          basic_altar, cheibrodos_ashenzari_chains
D:7:      layout_loops_ring, minmay_temple_entry_statues, serial_shops,
          shop_statue, basic_altar, uniq_duvessa, uniq_maggie
D:8:      layout_rooms, overflow_temple_1_default, uniq_harold, uniq_joseph,
          uniq_pikel
D:9:      layout_cave_pods, grunt_lair_entry_orc_guard_hut, david_orc_3,
          elyvilon_altar_1
D:10:     layout_cave_pools
D:11:     minmay_the_grid_triangle_9x9_recursive_3
          [minmay_the_grid_triangle_9x9_warning,
          minmay_the_grid_triangle_9x9_corrupted_corridor,
          minmay_the_grid_triangle_9x9_semitri,
          minmay_the_grid_triangle_9x9_prize_schism,
          minmay_the_grid_triangle_9x9_pentomino_pain,
          minmay_the_grid_triangle_9x9_wacky_v,
          minmay_the_grid_triangle_9x9_swiss_cheese,
          minmay_the_grid_triangle_9x9_checkered,
          minmay_the_grid_triangle_9x9_thin_v], layout_rooms,
          roderic_roman_lattice, kennysheep_small_circle
Temple:   compressed_dpeg_triangle_lava_temple

Skill      XL: |  1  2  3  4  5  6  7  8  9 10 11 |
---------------+----------------------------------+-----
Ice Magic      | 5 6 7 8 10 11 12 13 | 13.8
Spellcasting   | 3 4 6 7 8 9 |  9.2
Fighting       | 1 4 5 7 |  7.5
Shields        | 2 4 |  4.0
Dodging        | |  2.0
Stealth        | |  2.6

Action                   |  1- 3 |  4- 6 |  7- 9 | 10-12 || total
-------------------------+-------+-------+-------+-------++-------
Melee: Unarmed           |     4 |     5 |       |       ||     9
       Constrict         |     2 |     4 |    13 |    23 ||    42
       Tentacles         |     1 |     2 |    12 |    33 ||    48
       Short sword       |       |     6 |    69 |    61 ||   136
       Rapier            |       |       |       |    79 ||    79
 Cast: Freeze            |    62 |    27 |   103 |   104 ||   296
       Ozocubu's Armour  |     1 |       |     4 |     5 ||    10
       Frozen Ramparts   |       |     8 |    22 |    30 ||    60
       Summon Ice Beast  |       |       |     9 |    13 ||    22
Evoke: Wand              |       |       |     2 |       ||     2
  Use: Scroll            |       |       |    14 |     1 ||    15
 Stab: Sleeping          |       |       |     4 |     3 ||     7
Armor: Skin              |       |     2 |    12 |     6 ||    20
Dodge: Dodged            |    34 |    23 |   130 |   195 ||   382
Block: Buckler           |       |       |     4 |    71 ||    75

Table legend: (Time is in decaauts)
 A = Elapsed time spent in this place.
 B = Non-inter-level travel time spent in this place.
 C = Inter-level travel time spent in this place.
 D = Time resting spent in this place.
 E = Time spent auto-exploring this place.
 F = Levels seen in this place.
 G = Mean time per level.
                   A        B        C        D        E       F      G
               +--------+--------+--------+--------+--------+-----+--------+
         Total |  14965 |  14502 |    463 |    589 |  11867 |  13 | 1151.2 |
       Dungeon |  14351 |  13925 |    426 |    589 |  11365 |  11 | 1304.6 |
        Temple |    223 |    186 |     37 |      0 |    185 |   1 |  223.0 |
         Sewer |    390 |    390 |      0 |      0 |    317 |   1 |  390.0 |
               +--------+--------+--------+--------+--------+-----+--------+

Top non-repeatable levels by time:
     D:7: 1905 daAuts
    D:11: 1864 daAuts
     D:3: 1581 daAuts
     D:6: 1462 daAuts
     D:5: 1324 daAuts
     D:4: 1261 daAuts
     D:9: 1240 daAuts
     D:2: 1206 daAuts
     D:1: 910 daAuts
    D:10: 873 daAuts
     D:8: 721 daAuts
   Sewer: 390 daAuts
  Temple: 223 daAuts
